 Dungeon Sprint DCSS version 0.17-a0-1636-g3119f2b (webtiles) character file.

35263 nuthulu the Warrior (level 13, -5/100 HPs)
             Began as a Gargoyle Fighter on Aug 6, 2015.
             Was a High Priest of Trog.
             Shot with an arrow by a deep elf master archer (8 damage)
             ... in the Dungeon (Sprint VII: "The Pits").
             The game lasted 00:17:11 (4565 turns).

nuthulu the Warrior (Gargoyle Fighter)              Turns: 4565, Time: 00:17:12

Health: -5/100     AC: 39    Str: 22      XL:     13   Next: 82%
Magic:  0/13       EV: 10    Int: 11      God:    Trog [*****.]
Gold:   34         SH: 15    Dex: 13 (16) Spells: 0 memorised, 12 levels left

rFire  + . .     SeeInvis .     F - +4 morningstar (crush)
rCold  + . .     Clarity  .     L - +2 gold dragon armour
rNeg   + . .     SustAt   .     c - +0 shield
rPois  ∞         Gourm    .     z - +2 helmet
rElec  +         Spirit   .     y - +2 cloak
rCorr  .         Warding  .     (no gloves)
rMut   .         NoTele   +     (no boots)
MR     ++...                    (no amulet)
Stlth  ..........               t - +3 ring of strength
                                u - +3 ring of dexterity

@: regenerating, very resistant to hostile enchantments, extremely unstealthy
A: negative energy resistance 1, electricity resistance, unbreathing,
petrification resistance, rot immunity, AC +9
a: Burn Spellbooks, Berserk, Trog's Hand, Brothers in Arms, Renounce Religion


You were in the Dungeon.
You worshipped Trog.
Trog was extremely pleased with you.
You were not hungry.

You visited 1 branch You collected 34 gold pieces.

Inventory:

Hand weapons
 a - a +0 flail
 d - a +1 eveningstar of protection
 l - a +2 mace
 s - a +0 mace of crushing
 x - the +2 morningstar "Ogre's Demise" {crush, rElec rC+++ MR+ Dex-5}
   (You found it in the Dungeon)

   It inflicts extra damage upon your enemies.
   It affects your dexterity (-5).
   It renders you almost immune to cold.
   It insulates you from electricity.
   It affects your resistance to hostile enchantments.
 A - a +6 morningstar of freezing
 B - a +2 antimagic morningstar
 F - a +4 morningstar of crushing (weapon)
 K - a +1 demon whip of freezing
 M - a +5 demon whip of venom
Armour
 b - a +0 scale mail
 c - a +0 shield (worn)
 r - a +3 chain mail
 y - a +2 cloak (worn)
 z - a +2 helmet (worn)
 L - a +2 gold dragon armour (worn)
Jewellery
 t - a +3 ring of strength (right hand)
 u - a +3 ring of dexterity (left hand)
 E - an uncursed ring of fire
Magical devices
 k - a wand of invisibility (4)
 C - a wand of flame (29)
Scrolls
 p - 3 scrolls of remove curse
 q - a scroll of summoning
 D - 5 scrolls of identify
 H - a scroll of fear
 I - a scroll of blinking
 J - a scroll of recharging
Potions
 f - 11 potions of curing
 g - 4 potions of heal wounds
 h - 2 potions of haste
 i - 4 potions of magic
 j - 3 potions of berserk rage
 o - 2 potions of invisibility
 v - 2 potions of resistance
 w - 2 potions of might
 G - 2 potions of brilliance
Comestibles
 e - 5 bread rations
 m - 40 fruits
 n - 6 meat rations


   Skills:
 + Level 19.6 Fighting
 - Level 17.0 Maces & Flails
 + Level 16.7 Armour
 + Level 12.0 Dodging
 - Level 1.6 Stealth
 + Level 16.9 Shields


You had 12 spell levels left.
You didn't know any spells.

Dungeon Overview and Level Annotations

Branches:
Dungeon (1/1)

Altars:
Ashenzari
Cheibriados
Dithmenos
Elyvilon
Fedhas
Kikubaaqudgha
Makhleb
Nemelex Xobeh
Okawaru
Qazlal
Ru
Sif Muna
Trog
Vehumet
Xom
Yredelemnul
Zin
The Shining One
Beogh
Jiyva
Lugonu


Innate Abilities, Weirdness & Mutations

You are resistant to torment.
Your stone body is resilient (AC +9).
You are immune to poison.
You resist negative energy.
You are resistant to electric shocks.
You can survive without breathing.
You are immune to petrification.
You are immune to rotting.


Message History

The deep elf master archer shoots an arrow.
You block the arrow.
The alligator snapping turtle bites you from afar!!
* * * LOW HITPOINT WARNING * * *
Use which ability? (? or * to list)
Okay, then.
Use which ability? (? or * to list)
Your skin crawls.
You feel resistant to hostile enchantments.
You feel slightly more hungry.
You feel you are being watched by something.
You feel your power leaking away. Something hits you.
* * * LOW HITPOINT WARNING * * *
You feel clumsy. Something hits you but does no damage.
Something stings you but does no damage.
The deep elf master archer shoots an arrow.
The arrow hits you!
You die...

.......# ........#
#.. .#....#..# ..#
.........# ...#
.........# ....#
.#....#..##.....
.........t'.....
......E.2''....e
++####@e#######
#'†###############
#.................
#.................
#..##############'
#..#))'...'))#....
#..#))#...#))#....
#######
#..####...#######.
..##..#
#..#.....)).)#....


You could see an alligator snapping turtle, a deep elf master archer, a blizzard
demon and an earth elemental.

Vanquished Creatures
  Margery (D)
  A black draconian (D)
  2 red draconians (D)
  A yellow draconian (D)
  3 vault guards (D)
  A deep elf death mage (D)
  An ice dragon (D)
  A naga warrior (D)
  An alligator (D)
  2 hydras (D)
  An alligator snapping turtle (D)
  An anaconda (D)
  Sonja (D)
  Nergalle (D)
  2 deep elf knights (D)
  A fire crab (D)
  A deep troll (D)
  A lindwurm (D)
  4 orc knights (D)
  Joseph (D)
  Psyche (D)
  A yaktaur (D)
  A blue devil (D)
  10 blink frogs (D)
  A snapping turtle (D)
  A ynoxinul (D)
  5 redbacks (D)
  A fire elemental (D)
  A fire bat (D)
  3 yaks (D)
  2 vampire mosquitoes (D)
  A steam dragon (D)
  A vampire (D)
  A wraith (D)
  Menkaure (D)
  A hippogriff (D)
  A warg (D)
  An orc warrior (D)
  An ice beast (D)
  A swamp drake (D)
  A black bear (D)
  2 centaurs (D)
  An ogre (D)
  A brain worm (D)
  A giant frog (D)
  2 small abominations (D)
  A quasit (D)
  An orc wizard (D)
  An orc priest (D)
  Ijyb (D)
  2 hell rats (D)
  A worker ant (D)
  7 sheep (D)
  A river rat (D)
  An adder (D)
  2 giant eyeballs (D)
  2 ufetubi (D)
  An ooze (D)
  5 orcs (D)
  A bat zombie (D)
  A goblin (D)
  4 jackals (D)
  A quokka (D)
  A ball python (D)
  2 bats (D)
  2 kobolds (D)
  A rat (D)
111 creatures vanquished.

Vanquished Creatures (collateral kills)
  A greater naga (D)
  2 orc warlords (D)
  A draconian shifter (D)
  A mottled draconian (D)
  A vault guard (D)
  A rakshasa (D)
  2 naga warriors (D)
  A vampire mage (D)
  A sun demon (D)
  A deep troll (D)
  A hill giant (D)
  5 orc knights (D)
  A manticore (D)
  A freezing wraith (D)
  A giant leech (D)
  A kobold demonologist (D)
  A blink frog (D)
  A yak (D)
  A vampire mosquito (D)
  3 big kobolds (D)
  An orc priest (D)
  An orc wizard (D)
  An iron imp (D)
  A giant eyeball (D)
  An orc (D)
  4 kobolds (D)
37 creatures vanquished.

Vanquished Creatures (others)
  A blink frog (D)
1 creature vanquished.

Grand Total: 149 creatures vanquished

Notes
Turn   | Place    | Note
--------------------------------------------------------------
     0 | D        | nuthulu the Gargoyle Fighter began the quest for the Orb.
     0 | D        | Reached XP level 1. HP: 14/14 MP: 1/1
    18 | D        | Reached skill level 4 in Fighting
    18 | D        | Reached XP level 2. HP: 17/20 MP: 2/2
    81 | D        | Found a sacrificial altar of Ru.
    81 | D        | Found a basalt altar of Yredelemnul.
    81 | D        | Found a shadowy altar of Dithmenos.
    81 | D        | Found a deep blue altar of Sif Muna.
    81 | D        | Found a burning altar of Makhleb.
    81 | D        | Found a shimmering altar of Xom.
    81 | D        | Found an ancient bone altar of Kikubaaqudgha.
    81 | D        | Found a sparkling altar of Nemelex Xobeh.
    82 | D        | Found a glowing golden altar of the Shining One.
    82 | D        | Found a bloodstained altar of Trog.
    82 | D        | Found a shattered altar of Ashenzari.
    82 | D        | Found a white marble altar of Elyvilon.
    82 | D        | Found a snail-covered altar of Cheibriados.
    82 | D        | Found a blossoming altar of Fedhas.
    82 | D        | Found a radiant altar of Vehumet.
    82 | D        | Found a glowing silver altar of Zin.
    82 | D        | Found a corrupted altar of Lugonu.
    82 | D        | Found a viscous altar of Jiyva.
    82 | D        | Found a roughly hewn altar of Beogh.
    82 | D        | Found an iron altar of Okawaru.
    86 | D        | Found a stormy altar of Qazlal.
    91 | D        | Became a worshipper of Trog the Wrathful
   114 | D        | Noticed a worker ant
   122 | D        | Killed a worker ant
   122 | D        | Reached skill level 5 in Fighting
   122 | D        | Reached skill level 5 in Shields
   122 | D        | Reached XP level 3. HP: 11/26 MP: 3/3
   348 | D        | Acquired Trog's first power
   382 | D        | Reached skill level 5 in Armour
   383 | D        | Acquired Trog's second power
   406 | D        | Noticed a brain worm
   406 | D        | Paralysed by a giant eyeball for 4 turns
   411 | D        | Paralysed by a giant eyeball for 4 turns
   416 | D        | Killed a brain worm
   416 | D        | Reached skill level 6 in Fighting
   416 | D        | Reached skill level 1 in Dodging
   416 | D        | Reached XP level 4. HP: 32/32 MP: 4/4
   419 | D        | Reached XP level 5. HP: 36/36 MP: 5/5
   511 | D        | Noticed Menkaure
   517 | D        | Received a gift from Trog
   519 | D        | Noticed a giant frog
   523 | D        | Killed Menkaure
   523 | D        | Reached skill level 7 in Fighting
   523 | D        | Reached XP level 6. HP: 32/44 MP: 6/6
   525 | D        | Acquired Trog's third power
   526 | D        | Killed a giant frog
   526 | D        | Reached skill level 8 in Armour
   687 | D        | Noticed Psyche
   730 | D        | Killed Psyche
   730 | D        | Reached skill level 9 in Armour
   730 | D        | Reached XP level 7. HP: 27/49 MP: 7/7
   871 | D        | Noticed a quasit
   871 | D        | Noticed a warg
   871 | D        | Noticed a fire bat
   879 | D        | Killed a fire bat
   879 | D        | Reached skill level 10 in Armour
   879 | D        | Reached skill level 1 in Stealth
   879 | D        | Reached skill level 10 in Shields
   883 | D        | Killed a warg
   883 | D        | Received a gift from Trog
   889 | D        | Killed a quasit
   889 | D        | Reached skill level 5 in Dodging
   889 | D        | Reached XP level 8. HP: 55/55 MP: 8/8
   974 | D        | Noticed a freezing wraith
   974 | D        | Noticed a kobold demonologist
   974 | D        | Noticed a big kobold
   974 | D        | Noticed a big kobold
   974 | D        | Noticed a big kobold
   980 | D        | Noticed a soul eater
   981 | D        | Killed a big kobold
   982 | D        | Killed a big kobold
   983 | D        | Noticed an iron imp
   985 | D        | Killed a kobold demonologist
   988 | D        | Killed a freezing wraith
   989 | D        | Killed an iron imp
   990 | D        | Killed a big kobold
   990 | D        | Reached skill level 11 in Shields
   992 | D        | Received a gift from Trog
  1047 | D        | Got the +2 morningstar "Ogre's Demise" {crush, rElec rC+++ MR+ Dex-5}
  1137 | D        | Noticed Ijyb
  1137 | D        | Noticed a small abomination
  1138 | D        | Noticed a redback
  1151 | D        | Killed a redback
  1162 | D        | Killed a small abomination
  1163 | D        | Killed Ijyb
  1352 | D        | Noticed Joseph
  1352 | D        | Noticed a hell rat
  1374 | D        | Killed Joseph
  1374 | D        | Reached skill level 10 in Fighting
  1374 | D        | Reached XP level 9. HP: 35/62 MP: 9/9
  1381 | D        | Killed a hell rat
  1459 | D        | Noticed an orc priest
  1459 | D        | Noticed a hill giant
  1460 | D        | Noticed an orc wizard
  1463 | D        | Killed a hill giant
  1464 | D        | Killed an orc priest
  1465 | D        | Received a gift from Trog
  1465 | D        | Paralysed by a giant eyeball for 4 turns
  1469 | D        | Killed an orc wizard
  1472 | D        | Noticed a giant leech
  1476 | D        | Killed a giant leech
  1603 | D        | Noticed a swamp drake
  1603 | D        | Noticed a blink frog
  1603 | D        | Noticed a blink frog
  1603 | D        | Noticed a blink frog
  1610 | D        | Killed a blink frog
  1610 | D        | Received a gift from Trog
  1610 | D        | Reached skill level 10 in Maces & Flails
  1612 | D        | Killed a swamp drake
  1614 | D        | Killed a blink frog
  1618 | D        | Killed a blink frog
  1618 | D        | Reached skill level 12 in Fighting
  1623 | D        | Got a scorched dire flail {god gift}
  1681 | D        | Noticed an orc priest
  1687 | D        | Killed an orc priest
  1773 | D        | Noticed a seven-headed hydra
  1775 | D        | Noticed an orc warrior
  1775 | D        | Noticed an orc wizard
  1775 | D        | Noticed a manticore
  1782 | D        | Killed a manticore
  1786 | D        | Killed a seven-headed hydra
  1786 | D        | Received a gift from Trog
  1786 | D        | Reached skill level 13 in Fighting
  1786 | D        | Reached XP level 10. HP: 73/73 MP: 10/10
  1788 | D        | Killed an orc warrior
  1795 | D        | Killed an orc wizard
  1888 | D        | Noticed a deep troll
  1888 | D        | Noticed a centaur
  1897 | D        | Killed a deep troll
  1897 | D        | Received a gift from Trog
  1897 | D        | Reached skill level 14 in Fighting
  1902 | D        | Killed a centaur
  2000 | D        | Noticed a blink frog
  2000 | D        | Noticed a blink frog
  2000 | D        | Noticed a blink frog
  2000 | D        | Noticed a blink frog
  2000 | D        | Noticed a blink frog
  2000 | D        | Noticed a blink frog
  2000 | D        | Noticed a blink frog
  2000 | D        | Noticed a blink frog
  2000 | D        | Noticed a blink frog
  2000 | D        | Noticed a ynoxinul
  2003 | D        | Killed a blink frog
  2013 | D        | Killed a blink frog
  2018 | D        | Killed a blink frog
  2020 | D        | Killed a blink frog
  2024 | D        | Killed a ynoxinul
  2034 | D        | Killed a blink frog
  2034 | D        | Received a gift from Trog
  2034 | D        | Reached skill level 15 in Fighting
  2036 | D        | Noticed a vampire mosquito
  2036 | D        | Killed a blink frog
  2050 | D        | Killed a vampire mosquito
  2056 | D        | Killed a blink frog
  2060 | D        | Killed a blink frog
  2321 | D        | Noticed an alligator snapping turtle
  2322 | D        | Noticed a lindwurm
  2322 | D        | Noticed an anaconda
  2324 | D        | Noticed a black bear
  2329 | D        | Killed a lindwurm
  2329 | D        | Reached XP level 11. HP: 64/83 MP: 11/11
  2337 | D        | Killed an anaconda
  2338 | D        | Noticed a yak
  2338 | D        | Noticed an ice beast
  2340 | D        | Noticed a tarantella
  2342 | D        | Noticed a steam dragon
  2343 | D        | Noticed a centaur
  2344 | D        | Noticed a yak
  2344 | D        | Killed an alligator snapping turtle
  2344 | D        | Received a gift from Trog
  2347 | D        | Noticed a yak
  2386 | D        | Noticed an ogre
  2387 | D        | Killed an ogre
  2387 | D        | Reached skill level 16 in Fighting
  2391 | D        | Killed a steam dragon
  2397 | D        | Killed a yak
  2398 | D        | Noticed a yak
  2401 | D        | Noticed Sonja
  2401 | D        | Killed a centaur
  2404 | D        | Killed a yak
  2408 | D        | Killed a yak
  2408 | D        | Received a gift from Trog
  2414 | D        | Killed a black bear
  2417 | D        | Killed a yak
  2419 | D        | Noticed a vampire mosquito
  2419 | D        | Noticed a deep troll
  2419 | D        | Killed an ice beast
  2420 | D        | Killed a deep troll
  2423 | D        | Killed a blink frog
  2425 | D        | Killed a vampire mosquito
  2429 | D        | Noticed a vampire mosquito
  2430 | D        | Killed a vampire mosquito
  2433 | D        | Killed Sonja
  2433 | D        | Received a gift from Trog
  2466 | D        | Noticed a small abomination
  2472 | D        | Killed a small abomination
  2673 | D        | Noticed a wraith
  2678 | D        | Killed a wraith
  2882 | D        | Noticed a yaktaur
  2882 | D        | Noticed a hell rat
  2886 | D        | Killed a hell rat
  2893 | D        | Killed a yaktaur
  2893 | D        | Reached skill level 15 in Maces & Flails
  2900 | D        | Received a gift from Trog
  2922 | D        | Noticed a fire elemental
  2931 | D        | Killed a fire elemental
  2951 | D        | Noticed a fire crab
  2953 | D        | Noticed a snapping turtle
  2957 | D        | Killed a fire crab
  2964 | D        | Killed a snapping turtle
  2964 | D        | Received a gift from Trog
  2976 | D        | Noticed a hippogriff
  2976 | D        | Noticed a redback
  2976 | D        | Noticed a redback
  2976 | D        | Noticed a blue devil
  2977 | D        | Noticed a redback
  2977 | D        | Noticed a redback
  2982 | D        | Killed a blue devil
  2988 | D        | Killed a hippogriff
  2991 | D        | Killed a redback
  2992 | D        | Killed a redback
  2994 | D        | Killed a redback
  2998 | D        | Killed a redback
  3066 | D        | Noticed a vampire
  3066 | D        | Noticed a red draconian
  3069 | D        | Noticed a greater naga
  3070 | D        | Killed a vampire
  3075 | D        | Noticed a vampire mage
  3079 | D        | Killed a red draconian
  3079 | D        | Reached XP level 12. HP: 54/90 MP: 12/12
  3082 | D        | Killed a greater naga
  3082 | D        | Received a gift from Trog
  3082 | D        | Reached skill level 17 in Fighting
  3085 | D        | Killed a vampire mage
  3102 | D        | Noticed a purple draconian shifter
  3103 | D        | Noticed a mottled draconian
  3118 | D        | Killed a mottled draconian
  3122 | D        | Killed a purple draconian shifter
  3252 | D        | Noticed Margery
  3264 | D        | Killed Margery
  3371 | D        | Noticed a rakshasa
  3371 | D        | Noticed an orc knight
  3371 | D        | Noticed an orc knight
  3371 | D        | Noticed an orc knight
  3371 | D        | Noticed an orc knight
  3372 | D        | Noticed an orc knight
  3372 | D        | Noticed an orc knight
  3372 | D        | Noticed an orc warlord
  3372 | D        | Noticed an orc warlord
  3372 | D        | Noticed a sun demon
  3372 | D        | Noticed an orc knight
  3373 | D        | Noticed an orc knight
  3377 | D        | Killed a sun demon
  3384 | D        | Killed an orc knight
  3388 | D        | Killed an orc knight
  3388 | D        | Killed an orc knight
  3388 | D        | Reached skill level 18 in Fighting
  3396 | D        | Killed an orc warlord
  3396 | D        | Received a gift from Trog
  3396 | D        | Reached skill level 10 in Dodging
  3398 | D        | Killed an orc knight
  3404 | D        | Killed an orc knight
  3404 | D        | Reached skill level 15 in Shields
  3408 | D        | Killed an orc warlord
  3408 | D        | Reached XP level 13. HP: 66/97 MP: 13/13
  3426 | D        | Killed an orc knight
  3435 | D        | Killed an orc warlord
  3436 | D        | Killed an orc knight
  3436 | D        | Reached skill level 15 in Armour
  3437 | D        | Killed an orc knight
  3439 | D        | HP: 1/97 [orc knight/glaive (26)]
  3445 | D        | Killed an orc knight
  3448 | D        | Killed an orc knight
  3452 | D        | Killed a rakshasa
  3454 | D        | Killed an orc knight
  3458 | D        | Killed an orc knight
  3458 | D        | Received a gift from Trog
  3459 | D        | Killed an orc knight
  3630 | D        | Noticed a vault guard
  3632 | D        | Noticed a vault guard
  3636 | D        | Noticed a deep elf death mage
  3642 | D        | Killed a vault guard
  3643 | D        | Noticed an orc knight
  3662 | D        | Killed a vault guard
  3673 | D        | Killed a ghostly vault guard
  3676 | D        | Killed a deep elf death mage
  3678 | D        | Killed a ghostly deep elf death mage
  3686 | D        | Killed an orc knight
  3815 | D        | Noticed a deep elf knight
  3816 | D        | Noticed an alligator
  3817 | D        | Noticed a deep elf knight
  3821 | D        | Killed a deep elf knight
  3821 | D        | Received a gift from Trog
  3825 | D        | Killed a deep elf knight
  3831 | D        | Killed an alligator
  4072 | D        | Noticed a naga warrior
  4074 | D        | Noticed a naga warrior
  4075 | D        | Noticed a naga warrior
  4076 | D        | Noticed a yellow draconian
  4089 | D        | Killed a naga warrior
  4102 | D        | Killed a yellow draconian
  4102 | D        | Reached skill level 19 in Fighting
  4109 | D        | Killed a naga warrior
  4109 | D        | Received a gift from Trog
  4112 | D        | Killed a naga warrior
  4287 | D        | Noticed a vault guard
  4288 | D        | Noticed Nergalle
  4288 | D        | Noticed a vault guard
  4304 | D        | Killed a vault guard
  4311 | D        | Killed Nergalle
  4317 | D        | Killed a vault guard
  4529 | D        | Noticed an earth elemental
  4529 | D        | Noticed an ice dragon
  4529 | D        | Noticed a red draconian
  4530 | D        | Noticed a blizzard demon
  4546 | D        | Killed an ice dragon
  4547 | D        | Noticed a black draconian
  4547 | D        | Noticed an eight-headed hydra
  4550 | D        | Killed a red draconian
  4551 | D        | Noticed an alligator snapping turtle
  4551 | D        | Noticed a deep elf master archer
  4553 | D        | Killed a black draconian
  4559 | D        | Killed an eight-headed hydra
  4559 | D        | Received a gift from Trog
  4565 | D        | HP: 3/100 [something (5)]
  4565 | D        | Shot with an arrow by a deep elf master archer

Vault maps used:
D:        pitsprint

Action                   |  1- 3 |  4- 6 |  7- 9 | 10-12 | 13-15 || total
-------------------------+-------+-------+-------+-------+-------++-------
Melee: Flail             |     7 |       |       |       |       ||     7
       Mace              |    20 |    35 |    31 |       |       ||    86
       Morningstar       |       |       |    55 |   224 |   149 ||   428
       Eveningstar       |       |       |    11 |       |       ||    11
       Demon whip        |       |       |       |       |    27 ||    27
Invok: Berserk           |     1 |     1 |     3 |     2 |       ||     7
       Brothers in Arms  |       |       |     3 |     5 |     4 ||    12
       Trog's Hand       |       |       |       |       |     1 ||     1
  Use: Potion            |       |     2 |       |     5 |     7 ||    14
       Scroll            |       |       |       |     5 |       ||     5
 Stab: Distracted        |       |       |       |     2 |     2 ||     4
  Eat: Bread ration      |       |     1 |       |     1 |     1 ||     3
       Meat ration       |       |       |     1 |     1 |       ||     2
